 Dungeon Crawl Stone Soup version 0.28-a0-998-gb9e9c7b67e (webtiles) character file.

Game seed: 1815772182069071988

39 bearlyready the Vandal (level 3, -2/29 HPs)
             Began as a Ghoul Hunter on Dec 5, 2021.
             Slain by an iguana (14 damage)
             ... on level 2 of the Dungeon.
             The game lasted 00:01:15 (1191 turns).

bearlyready the Vandal (Ghoul Hunter)               Turns: 1191, Time: 00:01:16

Health: -2/29      AC:  3    Str: 17    XL:     3   Next: 45%
Magic:  2/2        EV: 11    Int:  6    God:
Gold:   127        SH:  0    Dex:  9    Spells: 2/2 levels left

rFire   . . .      SeeInvis .     - Unarmed
rCold   + . .      Faith    .   (no shield)
rNeg    + + +      Spirit   .   c - +0 leather armour
rPois   ∞          Reflect  .   (no helmet)
rElec   .          Harm     .   (no cloak)
rCorr   .          Rampage  .   (no gloves)
Will    .....                   (no boots)
Stlth   +.........              (no amulet)
HPRegen 0.00/turn               (no ring)
MPRegen 0.08/turn               (no ring)

@: inhibited regen
A: claws 1, cold resistance 1, negative energy resistance 3, inhibited
regeneration, torment resistance 2
a: no special abilities


You were on level 2 of the Dungeon.
You visited 1 branch of the dungeon, and saw 2 of its levels.

You collected 127 gold pieces.

Inventory:

Hand Weapons
 a - a +1 hunting sling
Missiles
 d - 59 sling bullets
 h - 12 stones (quivered)
Armour
 c - a +0 leather armour (worn)
Scrolls
 j - a scroll of silence {unknown}
Potions
 b - a potion of magic {unknown}
 e - a potion of mutation {unknown}
 f - a potion of berserk rage {unknown}
 g - a potion of might {unknown}
 i - a potion of heal wounds {unknown}
 k - a potion of curing


   Skills:
 - Level 2.1 Fighting
 - Level 3.6 Slings
 - Level 1.7 Dodging
 - Level 1.1 Stealth
 + Level 3.3 Unarmed Combat


You had 2 spell levels left.
You didn't know any spells.
Your spell library contained the following spells:

 Spells                   Type           Power      Damage    Failure   Level
 Corpse Rot               Necr/Air       0%         N/A       67%         2
 Poisonous Vapours        Pois/Air       0%         N/A       67%         2


Dungeon Overview and Level Annotations

Branches:
Dungeon (2/15)

Altars:

Shops:
D:1 *


Innate Abilities, Weirdness & Mutations

You thrive by killing the living.
You are immune to poison.
You have sharp fingernails.
Your flesh is cold resistant. (rC+)
You are immune to negative energy. (rN+++)
You do not regenerate when monsters are visible.
You are immune to unholy pain and torment.


Message History

A hobgoblin is nearby!
The hobgoblin shouts!
You claw the hobgoblin!
You kill the hobgoblin!
No target in view!
No target in view!
No target in view!
No target in view!
No target in view!
No target in view!
No target in view!
No target in view!
No target in view!
No target in view!
Things that are here:
a +0 quarterstaff; a hobgoblin corpse
k - 2 coppery potions You pick up a book of Vapours and begin reading...
You add the spells Poisonous Vapours and Corpse Rot to your library.
An iguana comes into view.
The iguana hisses angrily.
An endoplasm comes into view.
There are monsters nearby!
There are monsters nearby!
The iguana bites you.
You scratch the iguana.
The iguana is lightly wounded.
The iguana closely misses you. The endoplasm freezes you.
You are frozen.
You resist.
You scratch the iguana.
The iguana is moderately wounded.
The iguana bites you. The endoplasm hits you.
You scratch the iguana.
The iguana is heavily wounded.
The iguana bites you.
* * * LOW HITPOINT WARNING * * *
Okay, then.
It was a potion of curing.
You feel better. The iguana bites you!
You die...

#. #######.#.###. .#####.#
###)#.# #. ........##
###...#.# #. .........#
###...###)# #.
.......#.####...### #.# ##
..............### #.# #
.........J....#######.####
.......##l###.............
....... #@# #########.###.
....... #.## #.......
####### #..## #.......
##..# #....... ##.#
#.<..... ########.##
#....... .......#..##
#.......
#.....#####<.....<
#####..........###


You could see an iguana and an endoplasm.

Vanquished Creatures
  A dart slug (D:1)
  2 ball pythons (D:1)
  4 bats
  An endoplasm (D:2)
  2 giant cockroaches
  4 goblins
  3 hobgoblins
  2 kobolds (D:2)
  3 quokkas
  10 frilled lizards (D:2)
  2 rats (D:1)
34 creatures vanquished.

Notes
Turn   | Place    | Note
-------+----------+-------------------------------------------
     0 | D:1      | bearlyready the Ghoul Hunter began the quest for the Orb.
     0 | D:1      | Reached XP level 1. HP: 17/17 MP: 0/0
   103 | D:1      | Reached skill level 1 in Unarmed Combat
   177 | D:1      | Reached XP level 2. HP: 16/24 MP: 1/1
   547 | D:1      | Found Jalue's General Store.
   574 | D:1      | Found a faded altar of an unknown god.
   817 | D:2      | Reached XP level 3. HP: 29/29 MP: 2/2
  1191 | D:2      | Slain by an iguana

Illustrated notes

Levels and vault maps discovered:
D:1:      minmay_arrival_cross, layout_basic, ebering_ecumenical_altar_box,
          serial_shops, shop_statue, minmay_octomino_j4
D:2:      layout_rooms, chequers_serial_rivers_marsh, minmay_lizard_pond

Skill      XL: |  1  2  3 |
---------------+----------+-----
Unarmed Combat | 1 2 3 |  3.3
Fighting       | |  2.1
Slings         | |  3.6
Dodging        | |  1.7
Stealth        | |  1.1

Action                   || total
-------------------------++-------
Melee: Unarmed           ||   128
       Punch             ||     1
 Fire: Hunting sling     ||     2
  Use: Potion            ||     1
Armor: Leather armour    ||    31
Dodge: Dodged            ||    76

Table legend: (Time is in decaauts)
 A = Elapsed time spent in this place.
 B = Non-inter-level travel time spent in this place.
 C = Inter-level travel time spent in this place.
 D = Time resting spent in this place.
 E = Time spent auto-exploring this place.
 F = Levels seen in this place.
 G = Mean time per level.
                   A        B        C        D        E       F      G
               +--------+--------+--------+--------+--------+-----+--------+
         Total |   1183 |   1169 |     14 |      0 |    928 |   2 |  591.5 |
       Dungeon |   1183 |   1169 |     14 |      0 |    928 |   2 |  591.5 |
               +--------+--------+--------+--------+--------+-----+--------+

Top non-repeatable levels by time:
     D:1: 772 daAuts
     D:2: 410 daAuts
